← All builds
Pond / Armada / Economy first / OBSERVED BUILD

Standard pond

Standard Pond play: fast Bot Lab and early boosting into Advanced Metal Extractor, sending Tick/Pawn/Blitz to front while tidal-boosting allies throughout.

#eco #team support · 448 distinct matches · 96 players · 59% of Armada Pond games · team won 50% of 510 · Recently observed

HOW TO PLAY IT

Key timing: Bot Lab by 5:42

  1. Open tidal, then wind to start boosting front's economy.
  2. Take mex and keep boosting wind or tidal depending on front's needs.
  3. Get a Bot Lab up, start sending Tick and Pawn to front.
  4. Add Advanced Metal Extractor to scale up team's economy.
  5. Switch to tick spam if enemy reaches T2 front before you do.

Phase by phase

TYPICAL OF ITS 448 GAMES
  1. 1
  2. 2
PLAY THE OPENING

Follow the example game's first 6:00 step by step: what to build now, what comes next, and where it goes. At 1× it keeps pace with your own game.

  1. 1

    Up to the Bot Lab

    Economy
    • Metal Extractor4Mex
    • Wind Turbine10Wind
    • Tidal Generator8Tidalfor allies
    • Tidal Generator1Tidal
    • Energy Storage1Energy storage
    Order
    1. Bot LabBot Lab after 4 mex, 10 wind, 1 energy storagedone ~5:40, middle half 3:31–7:01

    Some games also: converter (44%)

    By 5:10 in all: 4 mex · 10 wind · 1 tidal · 1 energy storage

    The example game in this phase · 8 steps
    1. Tidal ×8for Suicide front
    2. Mex ×4
    3. Wind ×6
    4. Energy storage
    5. Wind ×7
    6. Converter
    7. Vehicle PlantVehicle Plantdone 4:35
    8. Construction VehicleCon vehicle ×2
  2. 2

    Bot Lab to 10:00

    Economy
    • Wind Turbine16Wind
    Builders
    • Construction Turret1 Con turret
    • Construction Bot2 Con bot

    Some games also: tick (49%) · Lazarus (48%) · converter (43%)

    By 10:00 in all: 4 mex · 31 wind · 1 tidal · 4 converter · 1 energy storage · 2 con turret

    The example game in this phase · 110 steps
    1. Wind ×2
    2. Construction VehicleCon vehicle
    3. Wind ×6
    4. Converter ×2
    5. Con turret
    6. Converter ×2
    7. RoverScout ×4
    8. Con turret
    9. RoverScout ×2
    10. Wind
    11. RoverScout
    12. Wind
    13. RoverScout
    14. Wind
    15. RoverScout
    16. Wind ×2
    17. RoverScout ×2
    18. Wind
    19. RoverScout
    20. Wind ×2
    21. RoverScout
    22. Wind
    23. RoverScout
    24. Wind ×2
    25. RoverScout
    26. Wind ×2
    27. BlitzBlitz
    28. Wind ×3
    29. BlitzBlitz
    30. Wind ×2
    31. BlitzBlitz
    32. Wind ×3
    33. BlitzBlitz
    34. Converter
    35. BlitzBlitz
    36. Converter ×2
    37. BlitzBlitz ×2
    38. Converter
    39. Advanced Metal ExtractorT2 mexdone 10:30 · typical 9:56
    40. BlitzBlitz
    41. Converter ×2
    42. BlitzBlitz
    43. Converter ×2
    44. Advanced Metal ExtractorT2 mex
    45. Converter
    46. BlitzBlitz
    47. Converter
    48. Con turret
    49. Converter
    50. BlitzBlitz
    51. Converter
    52. Advanced Metal ExtractorT2 mex
    53. Converter
    54. BlitzBlitz
    55. Converter
    56. BlitzBlitz
    57. Converter
    58. Wind
    59. BlitzBlitz
    60. Converter
    61. BlitzBlitz
    62. Wind
    63. BlitzBlitz
    64. Con turret
    65. Advanced Metal ExtractorT2 mex
    66. Con turret
    67. BlitzBlitz
    68. Con turret
    69. BlitzBlitz
    70. Con turret
    71. BlitzBlitz ×2
    72. Wind ×2
    73. BlitzBlitzfor Suicide front
    74. Wind
    75. BlitzBlitzfor Suicide front
    76. Wind ×2
    77. BlitzBlitzfor Suicide front
    78. Wind ×3
    79. BlitzBlitzfor Suicide front
    80. Wind
    81. BlitzBlitzfor Suicide front
    82. Wind
    83. BlitzBlitz
    84. Wind
    85. BlitzBlitz
    86. Wind
    87. BlitzBlitz
    88. Wind ×2
    89. CitadelAnti-nukedone 14:13
    90. BlitzBlitz
    91. Wind ×4
    92. BlitzBlitzfor Suicide front
    93. Wind ×3
    94. BlitzBlitzfor Suicide front
    95. Wind ×3
    96. BlitzBlitz
    97. Wind
    98. BlitzBlitz
    99. Wind
    100. BlitzBlitz
    101. Wind ×2
    102. Fusion ReactorFusionnot finished by 15:00
    103. BlitzBlitz
    104. Wind ×3
    105. BlitzBlitz
    106. Wind ×2
    107. BlitzBlitz
    108. Wind
    109. Converter
    110. Wind ×2

Counts are medians over the build's games: half of them build more, half fewer. The example game is PongoPygmaeus's (36 OS, 21/09/2026); pick another.

Team trades

IN AT LEAST 30% OF ITS GAMES

You hand over

  • Tidal Generator8 Tidal to Suicide front or Frontfirst at 0:10 · in 90% of games

You get

  • Hercules1 Light transport from Air or Techfirst at 4:26 · in 31% of games
  • Hephaestus1 Heavy transport from Air or Techfirst at 4:41 · in 38% of games
  • Fatboy1 Fatboy from Techfirst at 4:59 · in 40% of games
  • Sharpshooter2 Sniper bot from Techfirst at 5:15 · in 42% of games
  • Advanced Construction Bot1 T2 con bot from Techfirst at 8:17 · in 92% of games

How it plays out

Typical game of this build, running totals by minute

Metal produced

010k20k
0:005:0010:0015:00

metal

Enemy metal destroyed

02k4k6k
0:005:0010:0015:00

metal

Own metal lost

02k4k
0:005:0010:0015:00

metal

510 games.

Show as table
ByMetal produced: This buildEnemy metal destroyed: This buildOwn metal lost: This build
1:0011500
2:0027300
3:0081700
4:00151000
5:00223100
6:00298500
7:0038414800
8:0047421276148
9:0056932025379
10:0068722865720
11:00833433171188
12:001029036841616
13:001259342621966
14:001491447802454
15:001745653243030
WHAT THE NUMBERS SAY

This is the role's standard support job, winning slightly under half its games while contributing modest kills for modest losses.

  • + Keeps own losses fairly low relative to kills (2827 destroyed vs 756 lost by 10:00).
  • + Reaches T2 constructor reliably (89% of games) by 8:10.
  • − Metal production trails other roles at 6855 by 10:00.
  • − No kills registered by 5:00, slow to impact the fight.
THE EXAMPLE YOU ARE READING

PongoPygmaeus

35.9 OS · 21/09/2026

Open source match ↗

3 received units · includes a constructor
523 metal received · 30370 energy received

Allied construction assistance is unknown. Timings are observations, not a promise of solo reproducibility.

Typical milestones

Bot Lab5:40Middle 50%: 3:31–7:01 · n=459
Advanced Metal Extractor9:56Middle 50%: 9:01–10:38 · n=460

Played most by

Viltrum41games of this buildTeaner35games of this buildUsurpeR24games of this buildzeus_on_god24games of this buildRogShotz20games of this build